 Dungeon Crawl Stone Soup version 0.21-a0-630-g344d351 (webtiles) character file.

3332 Amnesiac the Purveyor of Pain (level 9, -2/71 HPs)
             Began as a Mummy Necromancer on Dec 26, 2017.
             Was an Initiate of Kikubaaqudgha.
             Slain by a two-headed ogre
             ... wielding a +0 dire flail
              (24 damage)
             ... on level 8 of the Dungeon.
             The game lasted 00:15:50 (9700 turns).

Amnesiac the Purveyor of Pain (Mummy Necromancer)   Turns: 9700, Time: 00:15:51

Health: -2/71      AC:  3    Str: 12    XL:     9   Next: 71%
Magic:  4/20       EV: 16    Int: 17    God:    Kikubaaqudgha [......]
Gold:   435        SH:  0    Dex: 12    Spells: 12/23 levels left

rFire    x . .     SeeInvis .   a - +0 hunting sling
rCold    + . .     Gourm    .   (no shield)
rNeg     + + +     Faith    .   n - +0 robe
rPois    ∞         Spirit   .   m - +0 helmet
rElec    .         Reflect  .   (no cloak)
rCorr    .         Harm     .   (no gloves)
MR       +....                  (no boots)
Stlth    ++........             E - amulet of regeneration
HPRegen  0.61/turn              e - +2 ring of evasion
MPRegen  0.17/turn              (no ring)

@: very slightly contaminated
A: no food or potions, fire vulnerability, cold resistance 1, negative energy
resistance 3, torment resistance, unbreathing
a: Renounce Religion


You were on level 8 of the Dungeon.
You worshipped Kikubaaqudgha.
Kikubaaqudgha was noncommittal.
You were not hungry.

You visited 2 branches of the dungeon, and saw 9 of its levels.

You collected 435 gold pieces.

Inventory:

Hand Weapons
 a - a +0 hunting sling (weapon)
 b - a +2 short sword of draining
 h - a +0 short sword of protection
 z - a +1 dagger of speed
 I - a +1 scythe of venom
Missiles
 i - 106 stones (quivered)
 k - 80 poisoned needles
Armour
 m - a +0 helmet (worn)
 n - a +0 robe (worn)
Jewellery
 e - a +2 ring of evasion (left hand)
 r - a +3 amulet of reflection
 s - a +4 ring of strength
 A - an uncursed ring of fire
 E - an amulet of regeneration (around neck)
Wands
 d - a wand of paralysis (10)
 C - a wand of digging (10)
 D - a wand of acid (6)
 F - a wand of flame (53)
 H - a wand of random effects (17)
Scrolls
 c - 3 scrolls of teleportation {!r}
 f - a scroll of noise {!r, unknown}
 g - a scroll of fog {!r, unknown}
 j - a scroll of magic mapping {!r, unknown}
 o - 5 scrolls of identify {!r, unknown}
 p - 7 scrolls of remove curse {!r, unknown}
 q - 2 scrolls of enchant armour {!r, unknown}
 t - 2 scrolls of blinking {!r, unknown}
 u - a scroll of fear {!r, unknown}
 w - 2 scrolls of immolation {!r, unknown}
 x - a scroll of enchant weapon {!r, unknown}
 y - a scroll of holy word {!r, unknown}
 B - a scroll of random uselessness {!r, unknown}
Books
 l - a book of Necromancy

   Spells                             Type                      Level
   a - Pain                           Necromancy                   1
   b - Animate Skeleton               Necromancy                   1
   c - Vampiric Draining              Necromancy                   3
   d - Regeneration                   Charms/Necromancy            3
   e - Animate Dead                   Necromancy                   4
   f - Borgnjor's Vile Clutch         Necromancy/Earth             5
 v - a book of Minor Magic

   Spells                             Type                      Level
   a - Magic Dart                     Conjuration                  1
   b - Blink                          Translocation                2
   c - Call Imp                       Summoning                    2
   d - Slow                           Hexes                        2
   e - Conjure Flame                  Conjuration/Fire             3
   f - Mephitic Cloud                 Conjuration/Poison/Air       3


   Skills:
 + Level 6.4 Fighting
 + Level 5.2 Dodging
 - Level 1.5 Stealth
 + Level 7.8 Spellcasting
 * Level 9.5 Necromancy


You had 12 spell levels left.
You knew the following spells:

 Your Spells              Type           Power        Failure   Level  Hunger
a - Pain                  Necr           ####         1%          1    N/A
d - Vampiric Draining     Necr           #####.....   1%          3    N/A
e - Borgnjor's Vile Clut  Necr/Erth      ###.......   38%         5    N/A
v - Blink                 Tloc           N/A          16%         2    N/A

Dungeon Overview and Level Annotations

Branches:
Dungeon (8/15)             Temple (1/1) D:7
   Lair: D:8-11

Altars:
Ashenzari
Cheibriados
Dithmenos
Elyvilon
Fedhas
Gozag
Hepliaklqana
Kikubaaqudgha
Makhleb
Nemelex Xobeh
Okawaru
Qazlal
Ru
Sif Muna
Trog
Vehumet
Wu Jian
Xom
Yredelemnul
Zin

Annotations:
D:5 bring dig/passwall


Innate Abilities, Weirdness & Mutations

You do not eat or drink.
Your flesh is vulnerable to fire.
You are immune to poison.
Your flesh is cold resistant. (rC+)
You are immune to negative energy. (rN+++)
You are immune to unholy pain and torment.
You can survive without breathing.


Message History

Aim: a two-headed ogre, wielding a dire flail and a giant club (lightly wounded)
You shoot a stone. The stone hits the two-headed ogre!
The two-headed ogre is lightly wounded.
Firing (i - inventory):
i - 108 stones (quivered)
Press: ? - help, Shift-Dir - straight line, f/p - two-headed ogre
Aim: a two-headed ogre, wielding a dire flail and a giant club (lightly wounded)
You shoot a stone.
The stone hits the two-headed ogre but does no damage.
The two-headed ogre is lightly wounded.
Firing (i - inventory):
i - 107 stones (quivered)
Press: ? - help, Shift-Dir - straight line, f/p - two-headed ogre
Aim: a two-headed ogre, wielding a dire flail and a giant club (lightly wounded)
You shoot a stone. The stone hits the two-headed ogre.
The two-headed ogre is moderately wounded.
The two-headed ogre hits you with a dire flail!
The two-headed ogre closely misses you.
Casting: Vampiric Draining
Confirm with . or Enter, or press ? or * to list all spells.
The spell is very dangerous to cast!
Continue anyway? [Y]es or [N]o only, please.
The spell is very dangerous to cast!
Continue anyway?
Aiming: Borgnjor's Vile Clutch
Press: ? - help, Dir - move target cursor, f/p - two-headed ogre
Aim: a two-headed ogre, wielding a dire flail and a giant club (moderately wounded)
You miscast Borgnjor's Vile Clutch.
You are very lightly contaminated with residual magic.
The floor vibrates.
Casting: Borgnjor's Vile Clutch
Confirm with . or Enter, or press ? or * to list all spells.
The spell is very dangerous to cast!
Continue anyway? [Y]es or [N]o only, please.
The spell is very dangerous to cast!
Continue anyway?
Aiming: Borgnjor's Vile Clutch
Press: ? - help, Dir - move target cursor, f/p - two-headed ogre
Aim: a two-headed ogre, wielding a dire flail and a giant club (moderately wounded) Decaying hands burst forth from the earth!
Zombie hands grab the two-headed ogre.
The zombie hands constrict the two-headed ogre!
The two-headed ogre hits you with a dire flail!!
The two-headed ogre hits you with a giant club!
* * * LOW HITPOINT WARNING * * *
Casting: Borgnjor's Vile Clutch
Confirm with . or Enter, or press ? or * to list all spells.
Aiming: Vampiric Draining
Press: ? - help, Shift-Dir - straight line, f/p - two-headed ogre
Aim: a two-headed ogre, wielding a dire flail and a giant club (heavily wounded, constricted by zombie hands)
The two-headed ogre is severely wounded.
You feel life coursing into your body.
The zombie hands constrict the two-headed ogre.
The two-headed ogre misses you.
The two-headed ogre hits you with a giant club!
* * * LOW HITPOINT WARNING * * *
Casting: Vampiric Draining
Confirm with . or Enter, or press ? or * to list all spells.
Aiming: Vampiric Draining
Press: ? - help, Shift-Dir - straight line, f/p - two-headed ogre
Aim: a two-headed ogre, wielding a dire flail and a giant club (severely wounded, constricted by zombie hands)
The two-headed ogre is severely wounded.
You feel life coursing into your body.
The zombie hands constrict the two-headed ogre.
The two-headed ogre completely misses you.
The two-headed ogre hits you with a giant club!!
You die...
Kikubaaqudgha rasps: "You have failed me!
Welcome... oblivion!"

#..####.###......#
#............>##.#
#.####.########.# #.#
.. ####.#### #.......#
#.##.##.# . #
#.##.####^..^
#....@O((.(..
###........(.
........^..^.
#####....$...)#..$....
........####..#.......
#......(..#..#.......
#............#....^..
#......(..#.# #.^....
.........


You could see a two-headed ogre.

Vanquished Creatures
  2 hippogriffs (D:7)
  Sigmund (D:2)
  Menkaure (D:7)
  A water moccasin (D:6)
  An orc warrior (D:7)
  A black bear (D:7)
  2 sky beasts
  3 ice beasts
  4 ogres
  2 phantoms
  A big kobold (D:6)
  2 bullfrogs (D:7)
  A wyvern skeleton (D:6)
  2 scorpions
  2 howler monkeys
  3 crimson imps
  A bullfrog zombie (D:7)
  4 orc wizards
  3 orc priests
  A hound (D:4)
  2 bullfrog skeletons
  3 iguanas
  Terence (D:2)
  Jessica (D:3)
  4 worker ants
  A howler monkey zombie (D:7)
  2 worker ant zombies (D:6)
  Robin (D:2)
  11 adders
  3 gnolls (D:4)
  A shadow imp (D:5)
  An ooze (D:3)
  An adder skeleton (D:5)
  An adder zombie (D:5)
  6 worms
  4 dart slugs
  3 leopard geckos
  18 orcs
  7 bats
  6 giant cockroaches
  14 goblins
  8 hobgoblins
  15 jackals
  3 quokkas
  A ball python (D:1)
  8 frilled lizards
  A jackal skeleton (D:4)
  13 kobolds
  2 leopard gecko skeletons
  A quokka skeleton (D:4)
  A quokka zombie (D:5)
  7 rats
  A spectral orc (D:4)
190 creatures vanquished.

Notes
Turn   | Place    | Note
-------+----------+-------------------------------------------
     0 | D:1      | Amnesiac the Mummy Necromancer began the quest for the Orb.
     0 | D:1      | Reached XP level 1. HP: 13/13 MP: 4/4
   140 | D:1      | Reached skill level 1 in Fighting
   199 | D:1      | Reached XP level 2. HP: 12/22 MP: 0/5
   615 | D:1      | Reached XP level 3. HP: 19/27 MP: 0/7
   620 | D:1      | Learned a level 3 spell: Vampiric Draining
  1120 | D:2      | Noticed Robin
  1754 | D:2      | Reached XP level 4. HP: 29/34 MP: 5/8
  1784 | D:2      | Killed Robin
  1794 | D:2      | Noticed Sigmund
  1887 | D:2      | Found a blossoming altar of Fedhas.
  2333 | D:2      | Found a sparkling altar of Nemelex Xobeh.
  2394 | D:2      | Noticed Terence
  2417 | D:2      | Killed Terence
  2602 | D:2      | Reached XP level 5. HP: 37/39 MP: 10/10
  2975 | D:2      | Learned a level 5 spell: Borgnjor's Vile Clutch
  3428 | D:3      | Reached skill level 5 in Necromancy
  3822 | D:3      | Noticed Jessica
  3833 | D:3      | Killed Jessica
  4073 | D:3      | Reached XP level 6. HP: 44/47 MP: 1/12
  4316 | D:4      | Found a basalt altar of Yredelemnul.
  5036 | D:4      | Found a burning altar of Makhleb.
  5185 | D:5      | Entered Level 5 of the Dungeon
  5236 | D:5      | Noticed a sky beast
  5245 | D:5      | Killed a sky beast
  5245 | D:5      | Reached skill level 6 in Necromancy
  5245 | D:5      | Reached XP level 7. HP: 37/53 MP: 6/13
  5449 | D:5      | Reached skill level 5 in Spellcasting
  6157 | D:6      | Reached skill level 7 in Necromancy
  6157 | D:6      | Reached XP level 8. HP: 21/61 MP: 0/16
  7033 | D:5      | Reached skill level 5 in Fighting
  7609 | D:6      | Reached skill level 8 in Necromancy
  7892 | D:7      | Noticed a hippogriff
  7900 | D:7      | Killed a hippogriff
  8019 | D:7      | Found a shimmering altar of Xom.
  8041 | D:7      | Reached XP level 9. HP: 41/68 MP: 8/19
  8161 | D:7      | Noticed Menkaure
  8170 | D:7      | Killed Menkaure
  8638 | D:7      | Found a staircase to the Ecumenical Temple.
  8646 | Temple   | Entered the Ecumenical Temple
  8776 | Temple   | Became a worshipper of Kikubaaqudgha
  8817 | D:7      | Reached skill level 9 in Necromancy
  8897 | D:7      | Reached skill level 5 in Dodging
  9183 | D:2      | Killed Sigmund
  9293 | D:5      | Learned a level 2 spell: Blink
  9364 | D:8      | Noticed a white ugly thing
  9691 | D:8      | Noticed a two-headed ogre
  9700 | D:8      | Slain by a two-headed ogre

Vault maps used:
D:1:      eino_arrival_tree_alley, st_stairs_8, corexii_corridor_pit,
          lemuel_old_faithful
D:2:      nemelex_xobeh_ov_fountains_minmay, fedhas_altar_fruit_tree,
          uniq_sigmund, uniq_terence, uniq_robin
D:3:      uniq_jessica
D:4:      yredelemnul_forgotten_temple_becter, first_ration,
          makhleb_blood_cavern_becter
D:5:      serial_glass, glass_columns_a, glass_columns_c, item_on_display_a,
          feat_on_display, due_unseen_surprise, item_on_display_a
D:6:      kennysheep_generic_room_8
D:7:      nicolae_overflow_crystal_walls, minmay_temple_entry_hall,
          uniq_menkaure
D:8:      marbit_many_paths, blue_anna_alchemist, minmay_holes, uniq_erica
Temple:   nicolae_temple_elliptical

Skill      XL: |  1  2  3  4  5  6  7  8  9 |
---------------+----------------------------+-----
Fighting       | 1 2 3 4 5 6 |  6.4
Spellcasting   | 3 4 5 6 7 |  7.8
Dodging        | 2 3 4 5 |  5.2
Necromancy     | 5 6 7 8 9 |  9.5
Stealth        | |  1.5

Action                   |  1- 3 |  4- 6 |  7- 9 || total
-------------------------+-------+-------+-------++-------
Melee: Unarmed           |    30 |       |       ||    30
       Short sword       |    46 |    22 |    19 ||    87
       Dagger            |       |       |    13 ||    13
 Fire: Hunting sling     |       |   277 |   614 ||   891
 Cast: Pain              |    83 |    20 |     7 ||   110
       Vampiric Draining |     1 |    14 |    41 ||    56
       Borgnjor's Vile C |       |       |    10 ||    10
  Use: Scroll            |       |     1 |       ||     1
 Stab: Sleeping          |     3 |       |       ||     3
Armor: Robe              |    28 |    26 |    75 ||   129
Dodge: Dodged            |   126 |   152 |   379 ||   657
Block: Other             |       |       |    39 ||    39

Table legend:
 A = Spawn XP
 B = Non-spawn XP
 C = Spawn XP percentage of total XP
 D = Spawn monster count
 E = Non-spawn monster count
 F = Spawn count percentage of total count
 G = Total turns spent on level
                    A         B        C        D         E        F      G
               +---------+---------+-------+---------+---------+-------+---------
         Total |       0 |    4760 |   0.0 |       0 |     190 |   0.0 |  9700
               +---------+---------+-------+---------+---------+-------+---------
           D:1 |       0 |      72 |   0.0 |       0 |      39 |   0.0 |  1571
           D:2 |       0 |     356 |   0.0 |       0 |      29 |   0.0 |  1543
           D:3 |       0 |     182 |   0.0 |       0 |      17 |   0.0 |  1253
           D:4 |       0 |     255 |   0.0 |       0 |      15 |   0.0 |   985
           D:5 |       0 |     880 |   0.0 |       0 |      31 |   0.0 |  1608
           D:6 |       0 |     983 |   0.0 |       0 |      27 |   0.0 |  1163
           D:7 |       0 |    1980 |   0.0 |       0 |      29 |   0.0 |  1315
           D:8 |       0 |      52 |   0.0 |       0 |       3 |   0.0 |   103
               +---------+---------+-------+---------+---------+-------+---------
